 Dungeon Crawl Stone Soup version 0.31-a0-846-gb3bcc0d938 (webtiles) character file.

Game seed: 14982157726292806527

374 ytrimaz the Sneak (level 6, 0/38 HPs)
             Began as an Octopode Shapeshifter on Sept 21, 2023.
             Slain by a gnoll
             ... wielding a +0 spear
              (9 damage)
             ... on level 4 of the Dungeon on Oct 3, 2023.
             The game lasted 00:06:41 (2676 turns).

ytrimaz the Sneak (Octopode Shapeshifter)           Turns: 2676, Time: 00:06:41

Health: 0/38       AC:  1    Str: 13    XL:     6   Next: 72%
Magic:  6/6        EV: 13    Int: 12    God:
Gold:   140        SH:  0    Dex: 14    Spells: 5/5 levels left

rFire   . .          .
                       - Unarmed
rCold   . . .        (no shield)
rNeg    . . .        (helmet currently unavailable)
rPois   .            (no amulet)
rElec   .            k - ring of resist corrosion
rCorr   +            (no ring)
SInv    .            (no ring)
Will    .....        (no ring)
Stlth   ++++         (no ring)
HPRegen 0.26/turn    (no ring)
MPRegen 0.10/turn    (no ring)
                     (no ring)

%: no passive effects
@: beast-form, studying Spellcasting
A: beast (slay +2), almost no armour, amphibious, 8 rings, camouflage 1,
gelatinous body 1, (nimble swimmer 1), tentacles
a: Begin Untransformation


You were on level 4 of the Dungeon.
You were a hulking beast.
You visited 1 branch of the dungeon, and saw 4 of its levels.

You collected 140 gold pieces.


Innate Abilities, Weirdness & Mutations

You are a hulking beast.
Your limbs bulge with bestial killing power. (Slay +2)
You cannot wear most types of armour.
You are amphibious.
You can wear up to eight rings at the same time.
Your skin changes colour to match your surroundings (Stealth+).
Your rubbery body absorbs attacks. (AC +1, EV +1)
((You are camouflaged when in or above water. (Stealth+)))
You have tentacles for arms and can constrict up to eight enemies at once.


   Skills:
 - Level 1.0 Fighting
 - Level 2.0 Dodging
 + Level 6.1 Stealth
 - Level 4.0 Unarmed Combat
 + Level 4.9 Shapeshifting


You had 5 spell levels left.
You didn't know any spells.
Your spell library contained the following spells:

 Spells                   Type           Power      Damage    Failure   Level
 Inner Flame              Hex/Fire       0%         N/A       69%         3
 Yara's Violent Unravell  Hex/Tmut       0%         3d3       100%        5
 Enfeeble                 Hex            0%         N/A       100%        7

Inventory:

Jewellery
 k - a ring of resist corrosion (left tentacle)
   (You found it on level 2 of the Dungeon)
Talismans
 b - a beast talisman (active)
 c - a flux talisman
 g - a serpent talisman
   (You found it on level 1 of the Dungeon)
Wands
 o - a wand of light (12)
   (You found it on level 3 of the Dungeon)
Scrolls
 d - a scroll of teleportation
 h - 2 scrolls of identify
 i - a scroll of revelation
 j - a scroll of butterflies
 p - a scroll of blinking {unknown}
Potions
 a - a potion of attraction
 e - a potion of heal wounds
 f - 2 potions of curing
 l - a potion of resistance {unknown}
 m - a potion of degeneration {unknown}
 n - a potion of haste {unknown}

Dungeon Overview and Level Annotations

Branches:
Dungeon (4/15) Zot: 21331
 Temple: D:4-7

Altars:

Shops:
D:3 *

Annotations:
D:3 1 runed translucent door, Crazy Yiuf

.......# ..####.
......# .......
#.....#.....#
.###....#......#
......).#......#.
..)......))K.....
..........####...#
.........g).# #. .
..!.....##h##....
......###...#....
..................
..................
.#..........##...
####............
##......##....
#.......# .##
.###.......##..


You could see a gnoll.


Message History

😕 HP[+1]
A gnoll comes into view. It is wielding a +0 club.
There are monsters nearby!
Unknown command.
The goblin misses you.
You barely miss the goblin.
The gnoll shouts!
Your grab misses the goblin.
You hear a shout!
The goblin closely misses you.
You tentacle-slap the goblin but do no damage.
You grab the goblin. Your squeeze misses the goblin. You constrict the goblin.
The goblin barely misses you. 😕 HP[+1]
You tentacle-slap the goblin but do no damage.
You squeeze the goblin.
You kill the goblin!
A gnoll comes into view. It is wielding a +0 club.
Unknown command.
You barely miss the gnoll. You grab the gnoll. You constrict the gnoll.
The gnoll hits you with a +0 club. 😮 HP[-6]
You take 6 damage, and now have 28/38 hp.
The gnoll shouts!
You tentacle-slap the gnoll. You constrict the gnoll.
The gnoll misses you. 😕 HP[+1]
You tentacle-slap the gnoll. You constrict the gnoll.
You kill the gnoll!
A jelly comes into view.
The gnoll hits you with a +0 club.
You see here a +0 club. 😮 HP[-3]
You take 3 damage, and now have 26/38 hp.
Unknown command.
You are too injured to fight recklessly!
You are too injured to fight recklessly!
Unknown command.
You are too injured to fight recklessly!
The jelly quivers.
You tentacle-slap the gnoll but do no damage.
You grab the gnoll. You constrict the gnoll.
The gnoll hits you with a +0 club. 😮 HP[-2]
You take 2 damage, and now have 24/38 hp.
You tentacle-slap the gnoll. You constrict the gnoll.
A kobold comes into view. It is wielding a +0 dagger.
The gnoll closely misses you.
The gnoll struggles to escape constriction. 😮 HP[+1] Unknown command.
You are too injured to fight recklessly!
The kobold shouts!
You bludgeon the gnoll!
You kill the gnoll!
The gnoll barely misses you.
Unknown command.
o - a wand of light (12) (gained 8 charges)
Things that are here:
a +0 dagger; a +1 leather armour of cold resistance 😮 HP[+1] Unknown command.
Okay, then.
The gnoll misses you. The jelly misses you.
Unknown command.
Unknown command.
The gnoll hits you from afar with a +0 spear!
* * * LOW HITPOINT WARNING * * *
Things that are here:
a +0 dagger; a +1 leather armour of cold resistance 😨 HP[-8]
You take 8 damage, and now have 18/38 hp.
MASSIVE DAMAGE!! (PAUSE) 😨 HP[+1]
You bludgeon the jelly!
Your tentacles burn!
* * * LOW HITPOINT WARNING * * *
You squeeze the jelly, but do no damage. 😨 HP[-1]
You take 1 damage, and now have 18/38 hp.
You tentacle-slap the jelly.
Your tentacles burn!
* * * LOW HITPOINT WARNING * * *
The jelly completely misses you.
The gnoll hits you from afar with a +0 spear.
* * * LOW HITPOINT WARNING * * *
😨 HP[-6]
You take 6 damage, and now have 12/38 hp.
Unknown command.
You tentacle-slap the jelly.
You kill the jelly!
The gnoll hits you from afar with a +0 spear.
* * * LOW HITPOINT WARNING * * *
Your Stealth skill increases to level 6! 😱 HP[-4]
You take 4 damage, and now have 8/38 hp.
Unknown command.
You tentacle-slap the kobold.
You kill the kobold!
The gnoll closely misses you. 😱 HP[+1] Unknown command.
The gnoll hits you with a +0 spear!
You die...

Skill      XL: |  1  2  3  4  5  6 |
---------------+-------------------+-----
Stealth        | 1 2 3 5 6 |  6.1
Unarmed Combat | 4 |  4.0
Shapeshifting  | 4 |  4.9
Fighting       | |  1.0
Dodging        | |  2.0

Action                     |  1- 3 |  4- 6 || total
---------------------------+-------+-------++-------
  Melee: Unarmed           |    62 |    62 ||   124
         Tentacles         |    13 |    11 ||    24
         Constrict         |    17 |    12 ||    29
         Punch             |     1 |       ||     1
    Use: Scroll            |       |     5 ||     5
         Potion            |       |     2 ||     2
   Stab: Sleeping          |     2 |     6 ||     8
 Armour: Skin              |    18 |    61 ||    79
  Dodge: Dodged            |    31 |    33 ||    64

Levels and vault maps discovered:
D:1:      minmay_arrival_arboretum_small, layout_loops_ring,
          serial_co_window_serial, co_window_paths_a, co_window_paths_a,
          co_window_paths_b, co_window_of_opportunity_a, co_window_paths_a,
          co_window_of_opportunity_a, co_window_corner_a,
          co_window_of_opportunity_a, co_window_paths_a, co_window_2corner,
          co_window_corner_b, co_window_corner_cb, co_window_of_opportunity_b,
          co_window_broadway_c, co_window_corner_b, co_window_corner_b
D:2:      layout_rooms, kennysheep_cross_room, uniq_jessica
D:3:      layout_rooms, serial_shops, shop_statue, uniq_robin,
          uniq_crazy_yiuf_cottage, uniq_sigmund
D:4:      layout_cave_pools, serial_shops,
          nicolae_shop_temple_entry_statues_fountains,
          nicolae_shop_hallway_plus, shop, st_stairs_9, minmay_fire_ice_demons,
          uniq_ijyb

Notes
Turn   | Place    | Note
-------+----------+-------------------------------------------
     0 | D:1      | ytrimaz the Octopode Shapeshifter began the quest for the
                  | Orb.
     0 | D:1      | Reached XP level 1. HP: 13/13 MP: 1/1
     0 | D:1      | Upgraded the game from 0.31-a0-810-ga77100ea1a to
                  | 0.31-a0-819-gf6de2f5ab6
     0 | D:1      | magus.rc [v1.9.6]
     0 | D:1      | Upgraded the game from 0.31-a0-819-gf6de2f5ab6 to
                  | 0.31-a0-841-g038b102fc3
     0 | D:1      | Upgraded the game from 0.31-a0-841-g038b102fc3 to
                  | 0.31-a0-846-gb3bcc0d938
     0 | D:1      | magus.rc [v1.9.6]
   105 | D:1      | Reached skill level 1 in Stealth
   181 | D:1      | Reached XP level 2. HP: 17/18 MP: 2/2
   197 | D:1      | You pick up a book of Misfortune and begin reading...
   197 | D:1      | You add the spells Inner Flame, Yara's Violent Unravelling
                  | and Enfeeble to your library.
   474 | D:1      | Reached skill level 2 in Stealth
   793 | D:1      | Reached XP level 3. HP: 23/23 MP: 3/3
   902 | D:1      | You fall into a shaft and drop 1 floor!
  1316 | D:2      | Noticed Jessica
  1324 | D:2      | HP: 3/23 [Jessica/+0 club (7)]
  1328 | D:2      | Killed Jessica
  1329 | D:2      | Reached skill level 3 in Stealth
  1329 | D:2      | Reached XP level 4. HP: 4/28 MP: 4/4
  1852 | D:3      | Noticed Robin
  1905 | D:3      | Killed Robin
  2063 | D:3      | Reached skill level 4 in Unarmed Combat
  2063 | D:3      | Reached XP level 5. HP: 30/33 MP: 5/5
  2157 | D:3      | Noticed Sigmund
  2167 | D:3      | Killed Sigmund
  2168 | D:3      | Reached skill level 5 in Stealth
  2168 | D:3      | Reached skill level 4 in Shapeshifting
  2168 | D:3      | Reached XP level 6. HP: 28/38 MP: 6/6
  2266 | D:3      | Found Zeitysar's General Store.
  2439 | D:3      | Found a runed translucent door.
  2440 | D:3      | Noticed Crazy Yiuf
  2496 | D:4      | Noticed Ijyb
  2503 | D:4      | HP: 8/38 [sleepcap (19)]
  2650 | D:4      | Killed Ijyb
  2674 | D:4      | HP: 8/38 [gnoll/+0 spear (4)]
  2675 | D:4      | Reached skill level 6 in Stealth
  2676 | D:4      | Slain by a gnoll

Vanquished Creatures
  Sigmund (D:3)
  A jelly (D:4)
  Jessica (D:2)
  Ijyb (D:4)
  A sleepcap (D:4)
  Robin (D:3)
  2 gnolls (D:4)
  2 adders (D:3)
  A dart slug (D:1)
  6 endoplasms
  3 giant cockroaches
  11 goblins
  12 hobgoblins
  7 kobolds
  3 quokkas
  4 ball pythons
  4 bats (D:1)
  A frilled lizard (D:1)
  4 rats (D:1)
66 creatures vanquished.

Table legend:
 A = Non-vault XP
 B = Vault XP
 C = Vault XP percentage of total XP
 D = Non-vault monster count
 E = Vault monster count
 F = Vault count percentage of total count
                 A         B        C        D         E       F
            +---------+---------+-------+---------+---------+-------
      Total |     212 |     323 |  60.4 |      51 |      15 |  22.7
            +---------+---------+-------+---------+---------+-------
        D:1 |      45 |       0 |   0.0 |      27 |       0 |   0.0
        D:2 |      24 |      37 |  60.7 |      13 |       1 |   7.1
        D:3 |      33 |     250 |  88.3 |       5 |      13 |  72.2
        D:4 |     110 |      36 |  24.7 |       6 |       1 |  14.3
            +---------+---------+-------+---------+---------+-------

Skill      XL: |  1  2  3  4  5  6 |
---------------+-------------------+-----
Stealth        | 1 2 3 5 6 |  6.1
Unarmed Combat | 4 |  4.0
Shapeshifting  | 4 |  4.9
Fighting       | |  1.0
Dodging        | |  2.0

Action                     |  1- 3 |  4- 6 || total
---------------------------+-------+-------++-------
  Melee: Unarmed           |    62 |    62 ||   124
         Tentacles         |    13 |    11 ||    24
         Constrict         |    17 |    12 ||    29
         Punch             |     1 |       ||     1
    Use: Scroll            |       |     5 ||     5
         Potion            |       |     2 ||     2
   Stab: Sleeping          |     2 |     6 ||     8
 Armour: Skin              |    18 |    61 ||    79
  Dodge: Dodged            |    31 |    33 ||    64

Illustrated notes

Table legend:
 A = Kills in this place as a percentage of kills in the entire game.
 B = Kills by you in this place as a percentage of kills by you in the entire game.
 C = Kills by friends in this place as a percentage of kills by friends in the entire game.
 D = Other kills in this place as a percentage of other kills in the entire game.
 E = Experience gained in this place as a percentage of experience gained in the entire game.
 F = Experience gained in this place divided by the number of levels of this place that you have seen.
                   A       B       C       D       E      F
               +-------+-------+-------+-------+-------+----------------------
         Total | 100.0 | 100.0 |   N/A |   N/A | 100.0 | 133.8
       Dungeon | 100.0 | 100.0 |   N/A |   N/A | 100.0 | 133.8
               +-------+-------+-------+-------+-------+----------------------

Table legend: (Time is in decaauts)
 A = Elapsed time spent in this place.
 B = Non-inter-level travel time spent in this place.
 C = Inter-level travel time spent in this place.
 D = Time resting spent in this place.
 E = Time spent auto-exploring this place.
 F = Levels seen in this place.
 G = Mean time per level.
                   A        B        C        D        E       F      G
               +--------+--------+--------+--------+--------+-----+--------+
         Total |   2667 |   2534 |    133 |    122 |   1880 |   4 |  666.8 |
       Dungeon |   2667 |   2534 |    133 |    122 |   1880 |   4 |  666.8 |
               +--------+--------+--------+--------+--------+-----+--------+

Top non-repeatable levels by time:
     D:1: 1262 daAuts
     D:3: 740 daAuts
     D:2: 580 daAuts
     D:4: 84 daAuts
